 Dungeon Crawl Stone Soup version 0.28-a0-1227-ga9037bb4c8 (webtiles) character file.

Game seed: 1486686687099219252

2984 HessuHobo the Grappler (level 9, -1/77 HPs)
             Began as a White Draconian Transmuter on Dec 22, 2021.
             Was a Believer of Okawaru.
             Slain by Gastronok (15 damage)
             ... on level 8 of the Dungeon.
             The game lasted 00:44:23 (13310 turns).

HessuHobo the Grappler (DrTm)                      Turns: 13310, Time: 00:44:24

Health: -1/77      AC:  7    Str: 13    XL:     9   Next: 53%
Magic:  12/13      EV: 13    Int: 18    God:    Okawaru [**....]
Gold:   448        SH:  0    Dex: 11    Spells: 12/13 levels left

rFire   + . .      SeeInvis .     - Unarmed
rCold   + + .      Faith    .   (no shield)
rNeg    . . .      Spirit   .   (armour unavailable)
rPois   .          Reflect  .   (helmet currently unavailable)
rElec   .          Harm     .   j - scarf {rC+ rF+}
rCorr   .          Rampage  .   (no gloves)
Will    .....                   (boots currently unavailable)
Stlth   ++........              (no amulet)
HPRegen 0.22/turn               (no ring)
MPRegen 0.13/turn               (no ring)

@: appendages
A: horns 2, talons 2, breathe frost, AC +7, unfitting armour, cold resistance 1,
cold-blooded
a: Breathe Frost, End Transformation, Renounce Religion, Heroism


You were on level 8 of the Dungeon.
You worshipped Okawaru.
Okawaru was pleased with you.
You had temporarily grown beastly horns and talons.
You visited 2 branches of the dungeon, and saw 9 of its levels.

You collected 448 gold pieces.

Inventory:

Missiles
 c - 5 throwing nets
 A - 9 poisoned darts
Armour
 j - a scarf of resistance (worn)
Jewellery
 e - a ring of fire
 y - a ring of resist corrosion
 z - a ring of flight
Wands
 m - a wand of charming (8)
 n - a wand of digging (2)
 u - a wand of flame (18)
 C - a wand of polymorph (8)
Scrolls
 g - a scroll of amnesia {unknown}
 i - 3 scrolls of teleportation {unknown}
 l - 3 scrolls of noise
 o - a scroll of fog {unknown}
 r - 2 scrolls of summoning
 v - a scroll of blinking {unknown}
 B - a scroll of torment {unknown}
Potions
 a - 2 potions of heal wounds
 b - 2 potions of haste {unknown}
 d - a potion of ambrosia {unknown}
 f - 2 potions of curing
 h - 3 potions of degeneration
 k - 2 potions of brilliance {unknown}
 p - a potion of flight {unknown}
 q - a potion of resistance {unknown}
 s - 2 potions of magic {unknown}
 t - a potion of cancellation {unknown}
 w - a potion of attraction {unknown}
 x - a potion of lignification {unknown}
 D - a potion of might {unknown}


   Skills:
 + Level 6.3 Fighting
 - Level 5.0 Dodging
 - Level 3.0 Stealth
 * Level 8.3 Unarmed Combat
 - Level 2.8 Spellcasting
 + Level 2.8 Transmutations
 - Level 5.0 Ice Magic
 + Level 3.9 Poison Magic


You had 12 spell levels left.
You knew the following spells:

 Your Spells              Type           Power      Damage    Failure   Level
a - Beastly Appendage     Tmut           24%        N/A       5%          1

Your spell library contained the following spells:

 Spells                   Type           Power      Damage    Failure   Level
 Wereblood                Tmut           12%        N/A       8%          2
 Spider Form              Tmut/Pois      14%        N/A       12%         3
 Magic Dart               Conj           8%         1d3       17%         1
 Searing Ray              Conj           4%         2d4       26%         2
 Ice Form                 Ice/Tmut       16%        N/A       32%         4
 Inner Flame              Hex/Fire       2%         N/A       45%         3
 Cause Fear               Hex            1%         N/A       86%         4
 Fulminant Prism          Conj/Hex       1%         3d6       86%         4
 Freezing Cloud           Conj/Ice/Air   4%         6-21      93%         5
 Discord                  Hex            1%         N/A       100%        8
 Polar Vortex             Ice            10%        N/A       100%        9
 Simulacrum               Ice/Necr       Unusable   N/A       N/A         6

Dungeon Overview and Level Annotations

Branches:
Dungeon (8/15)             Temple (1/1) D:6
   Lair: D:8-11

Altars:
Ashenzari
Cheibriados
Dithmenos
Elyvilon
Fedhas
Gozag
Hepliaklqana
Kikubaaqudgha
Makhleb
Nemelex Xobeh
Okawaru
Qazlal
Ru
Sif Muna
Trog
Uskayaw
Vehumet
Wu Jian
Xom
Yredelemnul
Zin
The Shining One

Annotations:
D:3 exclusion: downstairs
D:6 exclusion: downstairs
D:8 Gastronok


Innate Abilities, Weirdness & Mutations

You have temporarily grown beastly horns and talons.
You can breathe waves of freezing cold which knock back foes.
Your icy white scales are hard. (AC +7)
You cannot fit into any form of body armour.
Your flesh is cold resistant. (rC+)
You are cold-blooded and may be slowed by cold attacks.


Message History

You punch Gastronok! You claw Gastronok.
Gastronok is lightly wounded.
You hit Gastronok. You tail-slap Gastronok.
Gastronok is lightly wounded.
You pummel Gastronok!! You headbutt Gastronok. You tail-slap Gastronok.
You punch Gastronok.
Gastronok is moderately wounded.
Gastronok bites you but does no damage.
You barely miss Gastronok. You claw Gastronok, but do no damage.
Gastronok is moderately wounded.
You punch Gastronok! You claw Gastronok, but do no damage.
Gastronok is heavily wounded.
You hit Gastronok but do no damage. You claw Gastronok.
Gastronok is heavily wounded.
Gastronok bites you!!
* * * LOW HITPOINT WARNING * * *
You punch Gastronok!
You tail-slap Gastronok, but do no damage.
Gastronok is heavily wounded.
You punch Gastronok! You claw Gastronok, but do no damage.
Gastronok is severely wounded.
Gastronok bubbles merrily.
You punch Gastronok! You claw Gastronok, but do no damage.
You headbutt Gastronok.
Gastronok is almost dead.
You feel like a meek peon again.
You hit Gastronok.
Gastronok is almost dead.
You hit Gastronok. You headbutt Gastronok.
Gastronok is almost dead.
Gastronok bites you!
* * * LOW HITPOINT WARNING * * *
Okay, then.
You punch Gastronok!
You tail-slap Gastronok, but do no damage.
Gastronok is almost dead.
You hit Gastronok but do no damage. You claw Gastronok.
Gastronok is almost dead.
Gastronok bites you!
You die...

#### ##..#### ###
### #.###.<.## #.#
##.# .## ###†.# #.##
##.## ..#
##.####..####.##
g.###
##.)##..#.@#.## .#
#...###......####w.#
..# #....#.####.##
#..## ...# #.....##
#.# #...###.... .#
.....##
#)#####....#.....
##.# .....#
#[...)...........
..o## #....#
##.[[.............
..... ##..##
#..######.....###
#... ..... #.##
##..### #°.#


You could see Gastronok.

Vanquished Creatures
  Sigmund (D:6)
  A wyvern (D:8)
  2 water moccasins
  An orc warrior (D:7)
  An ice beast (D:6)
  A sky beast (D:7)
  2 necrophages (D:7)
  4 ogres
  3 centaurs
  A phantom (D:4)
  A wyvern zombie (D:8)
  A scorpion (D:6)
  A wyvern skeleton (D:5)
  A howler monkey (D:8)
  A bullfrog zombie (D:6)
  A centaur zombie (D:8)
  3 hounds
  A centaur skeleton (D:7)
  3 jellies
  2 gnoll shamans
  4 orc priests
  3 iguanas (D:6)
  2 bullfrog skeletons
  7 orc wizards
  A killer bee zombie (D:7)
  A hound zombie (D:5)
  A hound skeleton (D:5)
  2 howler monkey skeletons (D:7)
  A howler monkey zombie (D:7)
  6 adders
  15 gnolls
  A shadow imp (D:7)
  2 ufetubi
  An adder skeleton (D:4)
  3 worms
  A dart slug (D:2)
  26 orcs
  5 ball pythons
  7 endoplasms
  3 giant cockroaches
  9 goblins
  5 hobgoblins
  3 jackals (D:1)
  4 quokkas
  4 bats (D:1)
  7 kobolds
  2 rats
158 creatures vanquished.

Notes
Turn   | Place    | Note
-------+----------+-------------------------------------------
     0 | D:1      | HessuHobo the Draconian Transmuter began the quest for the
                  | Orb.
     0 | D:1      | Reached XP level 1. HP: 16/16 MP: 3/3
   240 | D:1      | Reached XP level 2. HP: 21/23 MP: 3/5
  1225 | D:2      | Reached XP level 3. HP: 7/28 MP: 6/6
  1791 | D:2      | Reached skill level 1 in Stealth
  2263 | D:2      | Reached XP level 4. HP: 12/36 MP: 7/7
  4006 | D:3      | Reached XP level 5. HP: 17/41 MP: 7/9
  4841 | D:4      | Noticed an ogre
  5066 | D:4      | Reached skill level 4 in Unarmed Combat
  5450 | D:5      | Entered Level 5 of the Dungeon
  5450 | D:5      | Noticed a water moccasin
  5491 | D:5      | Reached XP level 6. HP: 45/50 MP: 10/10
  6165 | D:6      | Noticed an ice beast
  6427 | D:6      | Reached skill level 5 in Unarmed Combat
  6527 | D:6      | Your scales start taking on an icy white colour.
  6527 | D:6      | Reached XP level 7. HP: 43/58 MP: 9/11
  6527 | D:6      | Gained mutation: Your flesh is cold resistant. (rC+) [White
                  | Draconian growth]
  6836 | D:6      | Noticed Sigmund
  6936 | D:5      | Reached skill level 1 in Ice Magic
  7124 | D:5      | Found a bloodstained altar of Trog.
  7125 | D:5      | Found a hide-covered altar of Uskayaw.
  7358 | D:6      | Found a staircase to the Ecumenical Temple.
  7368 | Temple   | Entered the Ecumenical Temple
  7528 | Temple   | Became a worshipper of Warmaster Okawaru
  7624 | D:6      | Reached skill level 6 in Unarmed Combat
  7883 | D:4      | Reached * piety under Okawaru
  7884 | D:4      | Reached XP level 8. HP: 41/67 MP: 12/12
  8054 | D:5      | Reached skill level 1 in Poison Magic
  8536 | D:6      | Killed Sigmund
  8607 | D:6      | Reached skill level 5 in Fighting
  9433 | D:7      | Reached skill level 7 in Unarmed Combat
  9693 | D:7      | Reached ** piety under Okawaru
 10021 | D:7      | Reached XP level 9. HP: 49/74 MP: 13/13
 10469 | D:7      | Noticed a two-headed ogre
 10679 | D:7      | Reached skill level 5 in Dodging
 11536 | D:7      | HP: 2/75 [orc warrior (15)]
 12226 | D:8      | Reached skill level 8 in Unarmed Combat
 12818 | D:8      | Reached skill level 5 in Ice Magic
 12958 | D:8      | Noticed a boulder beetle
 13267 | D:8      | Noticed Gastronok
 13310 | D:8      | Slain by Gastronok

Illustrated notes

Levels and vault maps discovered:
D:1:      wander_arrival_estate, layout_basic
D:2:      layout_loops_ring
D:3:      layout_loops_ring, kennysheep_cross_room, kennysheep_generic_room_10
D:4:      layout_rooms
D:5:      layout_rooms, gammafunk_temple_overflow_statue
D:6:      layout_cave_pools, uniq_sigmund
D:7:      layout_gridville
D:8:      cheibrodos_statue_roulette, layout_layer_cave, lair_entry_dummy,
          hangedman_decor_opposing, uniq_gastronok
Temple:   regret_index_temple_chain_breaker

Skill      XL: |  1  2  3  4  5  6  7  8  9 |
---------------+----------------------------+-----
Dodging        | 2 3 4 5 |  5.0
Stealth        | 1 2 3 |  3.0
Fighting       | 2 3 4 5 6 |  6.3
Unarmed Combat | 4 5 6 7 8 |  8.3
Ice Magic      | 2 3 5 |  5.0
Poison Magic   | 2 3 |  3.9
Spellcasting   | |  2.8
Transmutations | |  2.8

Action                   |  1- 3 |  4- 6 |  7- 9 || total
-------------------------+-------+-------+-------++-------
Melee: Unarmed           |   126 |   210 |   394 ||   730
       Tailslap          |    10 |    33 |    46 ||    89
       Kick              |     5 |    22 |    49 ||    76
       Headbutt          |     1 |    18 |    30 ||    49
       Punch             |     1 |       |    17 ||    18
 Cast: Beastly Appendage |     4 |    12 |    32 ||    48
Invok: Heroism           |       |       |     4 ||     4
 Abil: Breathe Frost     |       |       |     2 ||     2
  Use: Scroll            |       |     3 |     2 ||     5
       Potion            |       |       |     3 ||     3
 Stab: Sleeping          |       |     5 |     2 ||     7
Armor: Skin              |    27 |    53 |    85 ||   165
Dodge: Dodged            |    70 |   123 |   263 ||   456

Table legend: (Time is in decaauts)
 A = Elapsed time spent in this place.
 B = Non-inter-level travel time spent in this place.
 C = Inter-level travel time spent in this place.
 D = Time resting spent in this place.
 E = Time spent auto-exploring this place.
 F = Levels seen in this place.
 G = Mean time per level.
                   A        B        C        D        E       F      G
               +--------+--------+--------+--------+--------+-----+--------+
         Total |  13264 |  12669 |    595 |   5811 |   3364 |   9 | 1473.8 |
       Dungeon |  13084 |  12526 |    558 |   5811 |   3238 |   8 | 1635.5 |
        Temple |    180 |    143 |     37 |      0 |    126 |   1 |  180.0 |
               +--------+--------+--------+--------+--------+-----+--------+

Top non-repeatable levels by time:
     D:7: 2744 daAuts
     D:2: 2164 daAuts
     D:6: 1624 daAuts
     D:3: 1565 daAuts
     D:4: 1387 daAuts
     D:5: 1328 daAuts
     D:8: 1193 daAuts
     D:1: 1075 daAuts
  Temple: 180 daAuts
